Map: Whitewater Line LE

Players

Robin

  • Race: Zerg Zerg
  • Spawn Location: 7:00

WITALMYMIGHT

  • Race: Zerg Zerg
  • Spawn Location: 7:00

iCheese

  • Race: Terran Terran
  • Spawn Location: 6:00

Autechre

  • Race: Terran Terran
  • Spawn Location: 1:00

PiPuxD

  • Race: Protoss Protoss
  • League: Gold
  • Spawn Location: 12:00

MattBarry

  • Race: Zerg Zerg
  • League: Gold
  • Spawn Location: 1:00

VOD

Have the link to the VOD?

Description

Time

  • Played on: Feb. 15, 2023, 4:14 a.m.
  • Length: 22:50
Show
View Real Time Build Order
Export as new Build Order

Robin Zerg 

Build Orders: Hatch First 

Get SALT Encoding   

  12  0:00  Drone  
  13  0:12  Drone  
  14  0:17  Overlord  
  14  0:36  Drone  
  14  0:37  Drone x2  
  17  0:57  Hatchery  
  16  1:00  Drone  
  16  1:03  Extractor  
  16  1:13  Spawning Pool  
  15  1:20  Drone  
  15  1:21  Drone  
  15  1:23  Drone  
  18  1:32  Overlord  
  18  1:44  Drone  
  20  1:54  Drone  
  20  2:00  Queen  
  22  2:04  Metabolic Boost  
  22  2:10  Queen  
  22  2:11  Drone  
  25  2:18  Drone  
  25  2:19  Drone  
  27  2:23  Drone  
  28  2:31  Drone  
  28  2:34  Drone  
  30  2:41  Drone  
  31  2:44  Drone  
  31  2:47  Queen  
  34  2:53  Drone  
  34  2:54  Drone  
  36  3:06  Hatchery  
  36  3:08  Overlord  
  35  3:19  Zergling x2  
  36  4:00  Zergling x12  
  42  4:04  Drone  
  42  4:05  Overlord  
  42  4:08  Overlord  
  43  4:15  Lair  
  43  4:17  Extractor  
  42  4:25  Hatchery  
  41  4:39  Pneumatized Carapace  
  41  4:45  Drone x3  
  44  4:46  Zergling x4  
  44  4:47  Zergling x6  
  49  4:57  Spore Crawler  
  48  5:04  Spore Crawler  
  47  5:16  Spore Crawler  
  47  5:20  Spine Crawler  
  45  5:24  Spine Crawler  
  45  5:28  Drone x5  
  47  5:29  Drone x6  
  55  5:38  Drone x3  
  58  5:45  Drone  
  58  5:48  Queen  
  58  5:49  Drone x2  
  63  5:51  Overseer  
  63  6:00  Baneling Nest  
  63  6:03  Hydralisk Den, Drone x3  
  63  6:04  Drone  
  65  6:07  Drone  
  65  6:09  Extractor  
  65  6:11  Extractor  
  64  6:28  Overlord x4  
  64  6:30  Drone x2  
  66  6:39  Spore Crawler  
  65  6:41  Muscular Augments  
  65  6:45  Roach Warren  
  65  6:46  Centrifugal Hooks  
  64  6:48  Drone x3  
  64  6:49  Evolution Chamber x2  
  64  6:50  Drone x2  
  64  6:51  Drone  
  64  6:53  Drone x2  
  64  6:54  Drone  
  71  6:55  Overlord x2  
  71  6:56  Overlord  
  71  6:59  Extractor  
  70  7:03  Extractor  
  70  7:08  Hydralisk x2  
  72  7:18  Hatchery  
  66  7:30  Zergling x4  
  66  7:31  Zergling x14  
  75  7:38  Baneling x5  
  75  7:39  Baneling x2  
  75  7:46  Hydralisk x3  
  75  7:47  Hydralisk x3  
  87  7:52  Grooved Spines  
  87  7:58  Spore Crawler  
  87  7:59  Spore Crawler  
  87  8:03  Spore Crawler, Drone x2  
  87  8:04  Spore Crawler, Drone  
  87  8:05  Drone x2  
  69  8:33  Hydralisk x5  
  69  8:34  Hydralisk  
  76  8:41  Queen  
  76  8:44  Drone x2  
  76  8:45  Drone  
  76  8:46  Drone  
  82  8:54  Glial Reconstitution  
  82  9:13  Hydralisk x3  
  88  9:27  Hydralisk  
  88  9:28  Hydralisk x6  
  102  9:40  Queen  
  102  9:42  Drone x5  
  109  10:07  Burrow  
  109  10:09  Hydralisk x5  
  109  10:13  Overlord x6  
  119  10:30  Spore Crawler  
  119  10:33  Spine Crawler  
  119  10:35  Spine Crawler  
  116  10:37  Hydralisk x4  
  116  10:38  Hydralisk x3  
  130  10:52  Overseer  
  130  11:05  Drone x2  
  108  11:56  Hydralisk x3  
  108  11:57  Hydralisk x7  
  108  11:58  Hydralisk x7  
  134  12:33  Hydralisk x2  
  134  12:34  Hydralisk x7  
  148  12:42  Lurker Den  
  147  12:45  Infestation Pit  
  147  12:46  Zerg Ground Armor Level 1, Zerg Missile Weapons Level 1  
  146  13:07  Hydralisk x7  
  146  13:08  Hydralisk x2  
  140  13:37  Hydralisk x6  
  152  13:57  Hydralisk x2  
  152  13:58  Hydralisk x6  
  152  14:01  Overlord x2  
  168  14:07  Overlord x2  
  122  15:09  Zerg Ground Armor Level 2, Zerg Missile Weapons Level 2  
  84  15:32  Hydralisk x4  
  84  15:33  Hydralisk x8  
  84  15:34  Hydralisk x2  
  94  15:59  Extractor  
  94  16:01  Hive  
  94  16:03  Extractor  
  92  16:05  Hydralisk x5  
  92  16:06  Hydralisk x3  
  108  16:11  Drone x3  
  108  16:13  Drone  
  112  16:28  Drone  
  112  16:29  Hatchery, Extractor  
  112  16:31  Extractor  
  110  16:34  Overseer  
  110  16:48  Lurker x7  
  110  16:50  Hydralisk x4  
  110  16:51  Hydralisk x7  
  139  17:18  Seismic Spines  
  139  17:26  Zerg Ground Armor Level 3, Zerg Missile Weapons Level 3  
  139  17:35  Hydralisk x5  
  139  17:36  Hydralisk x8  
  161  17:44  Zergling x2  
  166  17:45  Zergling x2  
  145  18:15  Adaptive Talons  
  129  18:39  Hydralisk  
  129  18:40  Hydralisk x7  
  129  18:41  Hydralisk x7  
  138  19:34  Hydralisk  
  138  19:35  Hydralisk x8  
  138  19:36  Hydralisk x3  
  162  19:39  Queen  
  164  20:03  Zerg Melee Weapons Level 1  
  164  20:08  Hydralisk x3  
  164  20:09  Hydralisk x8  
  164  20:10  Hydralisk  
  161  21:42  Hydralisk x6  
  161  21:43  Hydralisk x8  
  161  21:44  Hydralisk x4  
  179  22:08  Hydralisk x2  
  179  22:09  Hydralisk x7  
  179  22:10  Hydralisk  
Show
View Real Time Build Order
Export as new Build Order

WITALMYMIGHT Zerg 

Build Orders: Hatch First 

Get SALT Encoding   

  12  0:01  Drone  
  13  0:23  Drone  
  13  0:24  Overlord  
  14  0:48  Drone  
  15  0:50  Drone  
  15  0:54  Hatchery  
  15  1:02  Drone x2  
  17  1:11  Drone  
  18  1:15  Extractor  
  17  1:21  Drone  
  18  1:30  Spawning Pool  
  17  1:36  Drone  
  18  1:47  Drone  
  19  1:50  Extractor  
  19  1:53  Drone  
  19  2:06  Drone  
  20  2:10  Drone  
  20  2:14  Hatchery, Drone  
  21  2:19  Drone  
  22  2:28  Metabolic Boost  
  22  2:30  Drone  
  22  2:33  Drone  
  24  2:44  Spine Crawler  
  24  2:45  Drone  
  24  2:53  Baneling Nest  
  24  2:55  Drone  
  24  2:59  Drone  
  24  3:05  Drone x2  
  27  3:12  Drone  
  28  3:14  Overlord  
  28  3:28  Overlord  
  28  3:29  Spine Crawler  
  27  3:35  Zergling x8  
  31  3:48  Drone  
  32  3:50  Roach Warren  
  31  3:57  Baneling x3  
  31  4:00  Drone x3  
  34  4:09  Drone  
  35  4:10  Drone x2  
  35  4:13  Drone  
  35  4:14  Drone  
  39  4:17  Extractor  
  39  4:19  Drone x2  
  39  4:23  Drone x2  
  42  4:29  Drone x2  
  44  4:44  Drone x3  
  47  4:48  Drone x3  
  47  4:51  Lair  
  44  5:12  Spore Crawler  
  44  5:13  Spore Crawler, Drone  
  44  5:14  Drone  
  44  5:20  Drone x4  
  48  5:26  Drone x2  
  50  5:32  Spore Crawler  
  50  5:34  Overlord x3  
  49  5:47  Extractor, Drone  
  49  5:48  Overlord x2  
  49  5:51  Queen  
  49  5:53  Extractor  
  49  5:54  Extractor  
  49  5:56  Spore Crawler, Drone  
  49  6:04  Baneling x2  
  49  6:06  Overseer  
  49  6:10  Glial Reconstitution  
  49  6:14  Drone  
  49  6:15  Hydralisk Den, Drone  
  50  6:20  Nydus Network, Drone x4  
  50  6:22  Overlord x2  
  50  6:24  Nydus Network  
  52  6:32  Drone x3  
  55  6:34  Overseer  
  55  6:40  Queen  
  55  6:43  Drone x3  
  60  6:48  Queen  
  60  6:50  Drone  
  60  6:51  Drone  
  64  6:57  Queen  
  66  7:08  Nydus Canal  
  66  7:09  Hydralisk x3  
  66  7:10  Hydralisk x3  
  66  7:14  Nydus Canal  
  78  7:16  Hydralisk x2  
  82  7:25  Baneling x2, Hydralisk  
  82  7:26  Hydralisk x2  
  88  7:30  Overseer  
  88  7:32  Hydralisk x2  
  88  7:34  Burrow  
  88  7:36  Grooved Spines  
  89  7:51  Nydus Canal  
  75  8:12  Drone x3  
  78  8:13  Drone x5  
  83  8:21  Hydralisk x3  
  83  8:22  Hydralisk  
  83  8:24  Hydralisk  
  83  8:25  Hydralisk  
  83  8:26  Queen  
  97  8:33  Hydralisk  
  91  8:46  Drone x2  
  91  8:47  Drone  
  92  8:48  Drone x2  
  81  9:01  Queen  
  80  9:26  Hydralisk x3  
  86  9:34  Spore Crawler  
  86  9:36  Spore Crawler  
  86  9:37  Spore Crawler  
  83  9:44  Hydralisk  
  83  9:45  Hydralisk x3  
  89  9:46  Zergling x2  
  89  9:47  Zergling x2  
  89  9:49  Overseer  
  93  10:00  Drone x2  
  93  10:01  Drone x3  
  93  10:02  Overlord x2  
  93  10:03  Overlord  
  98  10:16  Nydus Canal  
  98  10:28  Nydus Canal  
  98  10:42  Drone x2  
  100  10:43  Hydralisk x3  
  106  10:54  Hydralisk x3  
  106  10:55  Hydralisk x2  
  107  11:11  Nydus Canal  
  99  11:12  Hydralisk x3  
  99  11:13  Hydralisk  
  99  11:17  Drone x3  
  110  11:18  Drone  
  110  11:19  Drone  
  112  11:40  Nydus Canal  
  112  11:42  Nydus Canal  
  113  11:47  Drone  
  113  11:48  Overlord x2  
  113  11:49  Overlord  
  113  12:12  Nydus Canal  
  113  12:19  Hydralisk x3  
  119  12:27  Zergling x8  
  119  12:28  Zergling x10  
  127  12:39  Evolution Chamber x2  
  127  12:41  Evolution Chamber  
  127  12:43  Muscular Augments  
  124  12:48  Drone  
  124  12:49  Drone  
  124  12:50  Spire  
  124  12:51  Spire  
  124  13:01  Drone x2  
  124  13:02  Drone x2  
  128  13:12  Hatchery  
  127  13:18  Zerg Ground Armor Level 1, Zerg Melee Weapons Level 1, Zerg Missile Weapons Level 1  
  127  13:25  Baneling x5  
  127  13:26  Baneling x2  
  127  13:27  Hatchery  
  102  13:50  Baneling x2  
  102  13:51  Baneling x4  
  102  14:06  Hydralisk x4  
  102  14:07  Hydralisk x2  
  112  14:17  Nydus Canal  
  112  14:20  Nydus Canal  
  112  14:30  Drone x4  
  112  14:31  Drone x3  
  119  14:33  Queen  
  119  14:35  Nydus Canal  
  121  14:41  Centrifugal Hooks  
  98  15:05  Hydralisk x2  
  98  15:06  Hydralisk x4  
  98  15:08  Zergling x4  
  98  15:09  Zergling x10  
  103  15:17  Extractor  
  103  15:18  Extractor, Drone x4  
  103  15:19  Hydralisk x4  
  109  15:42  Baneling  
  109  15:48  Zerg Melee Weapons Level 2, Zerg Missile Weapons Level 2  
  109  15:50  Zergling x2  
  109  15:51  Zergling x12  
  109  15:52  Zergling x10  
  109  15:53  Zergling x4  
  123  16:00  Nydus Canal  
  123  16:07  Drone x2  
  123  16:08  Drone x3  
  128  16:12  Baneling x6  
  128  16:14  Queen  
  102  16:43  Hydralisk x2  
  102  16:44  Hydralisk x3  
  94  16:49  Queen  
  94  16:50  Nydus Canal  
  94  16:51  Hydralisk x3  
  94  16:52  Hydralisk x2  
  94  16:53  Zergling x6, Drone  
  94  16:54  Zergling x2  
  106  17:03  Baneling x2  
  106  17:11  Drone x4  
  106  17:12  Drone x2  
  106  17:13  Corruptor x2, Overlord  
  116  17:19  Drone x2  
  116  17:20  Drone x3  
  121  17:23  Extractor  
  121  17:25  Drone, Extractor  
  120  17:46  Zergling x6  
  120  17:47  Zergling x8, Corruptor x2  
  120  17:48  Corruptor x2  
  135  17:57  Corruptor  
  135  17:58  Corruptor x3  
  138  18:15  Corruptor x3  
  144  18:23  Corruptor x2  
  137  18:44  Zergling x6  
  137  18:45  Zergling x14  
  137  18:46  Zergling x12  
  137  18:47  Zergling x8  
  150  19:02  Drone x6  
  156  19:09  Baneling x3  
  156  19:10  Baneling x2  
  156  19:11  Baneling x4  
  156  19:12  Baneling x2  
  156  19:16  Overlord x5  
  156  19:21  Zerg Flyer Weapons Level 1, Zerg Flyer Armor Level 1  
  156  19:28  Overlord x2  
  156  19:29  Overlord x2  
  156  20:00  Zergling x10  
  156  20:01  Zergling x12  
  156  20:02  Zergling x4  
  169  20:12  Hydralisk x3  
  169  20:13  Hydralisk x7  
  169  20:14  Hydralisk  
  187  20:15  Corruptor x4  
  150  20:47  Zergling x10  
  155  20:55  Corruptor x4  
  149  21:11  Zergling x2  
  149  21:12  Zergling x14  
  149  21:13  Zergling x10  
  149  21:17  Baneling x6  
  149  21:18  Baneling x2  
  160  21:25  Nydus Canal  
  141  21:53  Mutalisk  
  141  21:54  Mutalisk x7  
  141  21:55  Mutalisk x6  
  141  21:56  Mutalisk x3  
  141  21:59  Baneling x3  
  141  22:00  Baneling x7  
  141  22:01  Baneling x6  
  175  22:02  Baneling x3  
  175  22:08  Nydus Canal  
  175  22:22  Mutalisk x4  
  181  22:47  Nydus Canal  
Show
View Real Time Build Order
Export as new Build Order

iCheese Terran 

Build Orders:  

Get SALT Encoding   

  12  0:01  SCV  
  13  0:13  SCV  
  14  0:19  Supply Depot  
  14  0:27  SCV  
  15  0:31  Refinery  
  15  0:40  SCV  
  16  0:47  Barracks  
  16  0:52  SCV  
  17  1:04  SCV  
  18  1:16  SCV  
  19  1:28  SCV  
  20  1:39  Command Center  
  20  1:46  Orbital Command  
  20  1:50  Marine  
  21  2:08  Marine  
  21  2:12  SCV  
  23  2:18  Supply Depot  
  23  2:27  Factory  
  23  2:29  Barracks Reactor  
  23  2:40  SCV  
  24  2:46  Refinery  
  24  2:52  SCV  
  26  2:59  Orbital Command  
  26  3:04  SCV  
  26  3:07  Marine  
  26  3:08  Marine  
  28  3:13  Factory Tech Lab  
  28  3:16  SCV  
  29  3:21  Barracks  
  29  3:25  Marine x2  
  31  3:28  SCV  
  32  3:37  Siege Tank  
  35  3:43  Marine x2  
  35  3:45  Supply Depot  
  38  3:55  SCV x2  
  38  4:01  Marine x2  
  41  4:07  SCV  
  41  4:08  Supply Depot, SCV  
  41  4:09  Marine  
  44  4:19  Marine x2, SCV  
  44  4:21  Engineering Bay  
  47  4:24  SCV  
  47  4:27  Marine  
  49  4:32  SCV  
  49  4:37  Marine x2  
  52  4:45  Siege Tank  
  52  4:46  Barracks Tech Lab  
  52  4:47  SCV x2  
  52  4:50  Refinery  
  57  4:54  Missile Turret, Marine x2  
  57  4:59  SCV  
  61  5:00  SCV  
  61  5:03  Missile Turret  
  59  5:09  Marauder  
  59  5:11  SCV  
  62  5:16  Supply Depot  
  62  5:17  Supply Depot  
  62  5:28  Stimpack  
  62  5:35  Starport  
  62  5:36  Command Center  
  62  5:37  Marine x2  
  62  5:38  SCV x2  
  66  5:44  Supply Depot  
  66  5:50  SCV x2  
  68  5:59  Marine, Marauder  
  68  6:02  Missile Turret, SCV x2, Siege Tank  
  76  6:10  Missile Turret  
  76  6:13  Starport Reactor  
  76  6:14  SCV x2  
  78  6:21  Factory  
  78  6:22  Terran Infantry Weapons Level 1  
  78  6:26  SCV x2  
  78  6:28  Missile Turret  
  80  6:35  Marauder  
  80  6:38  SCV x2  
  80  6:39  Marine  
  84  6:40  Marine  
  84  6:44  Supply Depot  
  86  6:49  Supply Depot  
  86  6:50  SCV x2  
  86  6:53  Supply Depot  
  88  6:55  Medivac x2  
  88  6:58  Marine  
  93  7:02  SCV x2  
  93  7:03  Missile Turret  
  93  7:08  Planetary Fortress, Combat Shield  
  95  7:11  Marine  
  95  7:12  Marauder  
  95  7:13  Factory Tech Lab  
  95  7:15  SCV x2  
  99  7:16  Marine  
  103  7:22  Siege Tank  
  103  7:27  SCV  
  103  7:29  Marine  
  105  7:33  Marine, Marauder  
  105  7:34  SCV  
  109  7:39  SCV  
  109  7:41  Medivac x2  
  114  7:47  Marine  
  114  7:48  SCV x2  
  114  7:49  Missile Turret  
  114  7:50  Armory  
  117  7:51  Marine  
  117  7:55  Marauder  
  120  8:05  Marine  
  118  8:07  SCV  
  118  8:09  Marine  
  120  8:14  Medivac  
  120  8:16  Marauder  
  121  8:23  Marine  
  122  8:27  Marine  
  123  8:37  Marauder  
  125  8:47  Missile Turret  
  125  8:51  Missile Turret  
  125  8:53  Refinery  
  125  8:55  Refinery  
  125  9:20  Marine  
  125  9:21  SCV  
  125  9:22  Medivac  
  125  9:23  Marine, SCV, Viking  
  125  9:33  Marauder  
  125  9:38  Marine  
  123  9:41  Marine  
  123  9:49  Siege Tank  
  123  9:51  Siege Tank  
  124  9:56  Marine  
  124  9:58  Marauder  
  125  10:12  Barracks  
  125  10:13  Barracks  
  125  10:14  Barracks, Command Center  
  125  10:27  Supply Depot  
  125  10:28  Terran Infantry Armor Level 1, Supply Depot  
  125  10:32  Supply Depot  
  125  10:49  Marine, Siege Tank, Marauder, Medivac  
  133  10:50  Marine, Siege Tank  
  137  11:06  Marine  
  137  11:08  Marine  
  137  11:11  Marauder  
  132  11:19  Marine  
  132  11:21  Marine, Siege Tank  
  132  11:22  Siege Tank  
  132  11:24  Marine  
  132  11:25  Marine x2  
  142  11:32  Marauder  
  145  11:37  Marine  
  145  11:39  Marine  
  140  11:42  Marine  
  140  11:43  Marine x2  
  133  11:53  Marauder, Siege Tank  
  138  11:54  Marine, Siege Tank  
  138  11:57  Marine  
  138  11:58  Medivac x2  
  138  12:00  Marine  
  138  12:01  Marine x2  
  150  12:12  Marine  
  150  12:15  Marine, Marauder  
  154  12:18  Marine x2  
  154  12:19  Marine  
  157  12:25  Siege Tank  
  157  12:26  Siege Tank  
  148  12:30  Marine  
  148  12:32  Marine  
  148  12:35  Marine  
  148  12:36  Marine, Marauder  
  148  12:37  Marine  
  153  12:47  Liberator, Medivac  
  153  12:48  Marine  
  153  12:50  Marine  
  160  12:53  Marine  
  160  12:54  Marine x2  
  163  13:06  Marine  
  164  13:16  Marine x2  
  164  13:17  Terran Infantry Armor Level 2, Marine  
  164  13:19  Marine, Liberator, Marauder, Siege Tank  
  172  13:20  Supply Depot x2  
  172  13:23  Marine  
  154  13:30  Medivac  
  152  13:34  Marine x2  
  152  13:36  Marine  
  152  13:41  Marine x2, Marauder  
  159  13:52  Marine x2, Siege Tank x2  
  159  13:53  SCV x2  
  159  13:54  Marine  
  170  13:59  Marine x2, SCV  
  170  14:02  Marauder  
  175  14:05  SCV x2  
  177  14:10  Marine x2  
  177  14:12  Marine  
  177  14:17  Marine x2  
  180  14:23  Marauder  
  184  14:28  Marine x2  
  184  14:30  Marine  
  187  14:33  Planetary Fortress  
  187  14:34  SCV  
  188  14:42  SCV  
  188  14:43  Marine  
  188  14:45  Marine  
  185  14:46  Marine x2, SCV x2, Marauder  
  185  14:48  Marine  
  181  14:53  Missile Turret  
  181  14:55  Missile Turret x2  
  181  14:57  Missile Turret  
  181  14:59  Missile Turret  
  170  15:01  Marine  
  170  15:02  Viking  
  170  15:03  Viking, Marine  
  170  15:04  Marine x2  
  170  15:06  Marine  
  172  15:07  Marauder  
  161  15:18  Marine  
  161  15:21  Marine x3  
  161  15:23  Marine  
  161  15:26  Starport  
  151  15:28  SCV, Marauder  
  151  15:29  SCV  
  151  15:31  SCV x2  
  151  15:33  Command Center  
  151  15:36  Marine  
  151  15:39  Marine x3  
  151  15:40  Supply Depot, SCV  
  151  15:41  Marine, SCV  
  151  15:42  Supply Depot, Refinery  
  149  15:50  Marauder  
  149  15:54  Marine  
  149  15:55  Viking x2  
  149  15:56  Marine  
  155  15:57  Marine x2  
  155  16:03  Marine  
  158  16:05  Thor x2  
  169  16:11  Marauder  
  169  16:12  Marine  
  169  16:14  Marine  
  169  16:16  Marine x2  
  171  16:25  Viking x2  
  147  16:33  Marauder  
  136  16:44  Starport  
  138  16:54  Marine, Marauder  
  138  16:55  Viking x2  
  138  16:59  Barracks Tech Lab  
  143  17:01  Barracks Tech Lab  
  143  17:08  Ghost Academy  
  145  17:15  Marauder  
  145  17:24  Viking  
  145  17:25  Supply Depot, Viking  
  149  17:39  Ghost x2  
  153  17:54  Viking  
  153  17:55  Viking  
  153  18:40  Marauder  
  152  18:54  SCV  
  150  19:38  Ghost x2  
  152  20:01  Siege Tank x2  
  158  20:14  SCV  
  132  21:20  Liberator x2  
  130  21:48  Siege Tank x2  
  136  22:03  Viking, Liberator  
  128  22:35  Supply Depot  
  128  22:36  Supply Depot  
Show
View Real Time Build Order
Export as new Build Order

Autechre Terran 

Build Orders:  

Get SALT Encoding   

  12  0:00  SCV  
  13  0:15  Supply Depot  
  13  0:18  SCV  
  14  0:30  SCV  
  15  0:39  Barracks  
  15  0:43  SCV  
  15  0:47  Refinery  
  16  0:55  SCV  
  17  1:07  SCV  
  18  1:19  SCV  
  19  1:28  Marine  
  19  1:32  Orbital Command  
  20  1:49  Factory  
  20  2:01  Command Center  
  20  2:08  Supply Depot  
  20  2:14  SCV  
  20  2:15  Barracks Reactor  
  21  2:21  Barracks  
  21  2:30  Engineering Bay  
  21  2:35  SCV  
  22  2:46  Starport  
  22  2:48  SCV  
  23  2:54  Hellion  
  25  3:01  Missile Turret  
  25  3:03  SCV  
  26  3:15  SCV  
  26  3:18  Marine  
  28  3:21  Missile Turret  
  28  3:22  Marine  
  28  3:24  Barracks Tech Lab  
  28  3:26  Factory Tech Lab  
  29  3:29  Starport Reactor  
  29  3:34  Refinery  
  29  3:35  SCV  
  29  3:37  SCV  
  29  3:39  Marine  
  32  3:49  Orbital Command  
  32  3:52  Marine x2  
  34  3:56  Stimpack  
  34  3:58  SCV  
  34  4:00  Marine  
  36  4:09  Marine  
  36  4:10  Marine  
  36  4:12  Supply Depot  
  38  4:17  Terran Infantry Weapons Level 1  
  38  4:18  Marine, SCV  
  40  4:27  Marine  
  41  4:34  Medivac  
  43  4:41  Command Center  
  43  4:47  Supply Depot  
  43  4:52  Engineering Bay  
  43  4:54  SCV x2  
  45  5:03  Barracks  
  45  5:10  Barracks  
  45  5:16  Barracks  
  45  5:22  Factory  
  45  5:24  Terran Infantry Armor Level 1  
  45  5:35  SCV x2  
  47  5:36  Combat Shield  
  47  5:44  Viking  
  49  5:53  SCV  
  49  5:54  SCV  
  49  5:55  Refinery  
  49  5:56  Orbital Command, Refinery  
  51  6:01  Barracks Reactor  
  51  6:06  Barracks Reactor  
  51  6:09  SCV x2  
  53  6:18  Supply Depot, Barracks Tech Lab  
  53  6:21  Missile Turret, SCV x2  
  55  6:27  Medivac  
  55  6:31  SCV  
  55  6:32  Marine  
  59  6:33  SCV x2  
  59  6:35  Medivac  
  59  6:38  Marine  
  64  6:45  Orbital Command, SCV x2  
  66  6:57  SCV  
  66  6:59  Armory  
  67  7:01  Armory  
  67  7:03  Infernal Pre-Igniter  
  67  7:05  Factory Reactor  
  67  7:06  Hellion  
  67  7:07  Missile Turret  
  69  7:08  Bunker  
  69  7:09  Marauder  
  69  7:10  Concussive Shells  
  69  7:12  Bunker  
  69  7:14  Marauder  
  69  7:15  SCV  
  74  7:16  SCV  
  74  7:17  Marine  
  74  7:20  SCV  
  74  7:22  Marine  
  78  7:24  Marine x2  
  78  7:29  Missile Turret, Marine x2  
  82  7:30  Marine  
  82  7:34  Marine  
  82  7:35  Marine  
  81  7:53  Marine x4  
  85  8:02  Marine x4  
  82  8:06  Siege Tank  
  85  8:19  Supply Depot  
  85  8:24  Supply Depot  
  85  8:27  Terran Infantry Weapons Level 2  
  85  8:30  Supply Depot x2, Terran Infantry Armor Level 2  
  85  8:32  Marine x7, SCV  
  93  8:36  Terran Vehicle And Ship Armor Level 1  
  93  8:37  Terran Vehicle Weapons Level 1  
  93  8:38  Drilling Claws  
  93  8:41  Marine  
  94  8:50  Marine x4  
  94  8:52  Factory  
  94  8:54  Barracks  
  98  8:56  Barracks  
  98  9:00  Barracks, SCV x3  
  98  9:01  Starport Reactor  
  101  9:03  Marine x2  
  101  9:04  Marine  
  101  9:06  Marine  
  101  9:07  Marine x2  
  107  9:13  Siege Tank  
  91  9:25  Marine x3  
  91  9:26  Marine  
  91  9:27  Marine x4  
  83  9:41  SCV x2  
  83  9:43  Marine x3  
  83  9:44  Marine, Factory Tech Lab  
  83  9:45  Marine x2, Siege Tank  
  94  9:47  Refinery  
  94  9:48  Barracks Reactor x3, Refinery  
  94  9:52  Medivac x2  
  98  10:08  Supply Depot  
  98  10:09  Supply Depot  
  98  10:10  Supply Depot  
  98  10:11  Barracks  
  98  10:17  Siege Tank  
  98  10:20  Siege Tank  
  104  10:24  Viking  
  104  10:25  Marine x4  
  104  10:26  Marine  
  104  10:27  SCV  
  112  10:34  Supply Depot  
  114  10:36  Widow Mine x2  
  109  10:49  Siege Tank  
  112  10:52  Marine x2, Siege Tank  
  112  10:56  Marine  
  107  10:57  Marine x4  
  107  11:00  Marine, Orbital Command  
  107  11:01  Command Center  
  107  11:02  Marine  
  103  11:13  Marine x4  
  103  11:14  Marine  
  94  11:21  Siege Tank  
  94  11:22  Marine  
  83  11:53  Siege Tank  
  85  11:59  Missile Turret  
  85  12:00  SCV  
  86  12:02  Orbital Command  
  86  12:13  SCV  
  87  12:19  Missile Turret  
  84  12:23  Marine  
  84  12:24  Marine x3  
  84  12:25  SCV, Siege Tank  
  84  12:27  Barracks Tech Lab  
  92  12:34  Liberator  
  92  12:36  SCV  
  96  12:39  Missile Turret  
  96  12:41  SCV x2  
  98  12:53  SCV x3, Refinery  
  98  12:57  Siege Tank  
  104  13:08  Orbital Command  
  104  13:09  SCV x2  
  106  13:19  Terran Infantry Weapons Level 3  
  106  13:21  SCV  
  106  13:22  SCV  
  106  13:23  Terran Ship Weapons Level 1  
  108  13:29  Siege Tank  
  110  13:45  Terran Infantry Armor Level 3  
  110  13:51  Command Center  
  110  14:01  Marine, Siege Tank  
  114  14:12  Marine x8  
  114  14:14  Marauder  
  124  14:32  Supply Depot  
  124  14:33  Widow Mine, Marauder x2  
  124  14:34  Armory  
  124  14:36  Marauder  
  124  14:38  Refinery  
  132  14:41  SCV  
  133  14:50  SCV x2  
  135  14:55  Marauder  
  123  15:00  Marine  
  123  15:01  Marine x6  
  115  15:08  Marine x2  
  101  15:15  Marine  
  101  15:18  Marine x4  
  101  15:19  Marine  
  104  15:25  Orbital Command  
  104  15:27  Marine, Siege Tank  
  104  15:28  Marine x2  
  102  15:30  Marine  
  102  15:33  Marine  
  99  15:46  Marine  
  99  15:47  Marine  
  99  15:48  SCV x2  
  103  15:58  Medivac  
  103  15:59  Siege Tank  
  108  16:10  Widow Mine x2  
  110  16:21  Marauder x3  
  109  16:27  Marine  
  109  16:31  Widow Mine x2, Siege Tank  
  109  16:32  Marine x6  
  104  16:42  Marine, Marauder x2  
  104  16:45  Marine  
  94  16:49  Marine  
  94  16:50  Marine x5  
  94  16:53  Widow Mine x2  
  98  17:00  Marine  
  99  17:03  Widow Mine, Marine x3  
  99  17:04  Medivac x2  
  99  17:06  SCV x2  
  99  17:07  Marine  
  99  17:08  Marine x5  
  116  17:16  SCV  
  116  17:17  Marine  
  116  17:18  Terran Vehicle And Ship Armor Level 2  
  116  17:20  Marine  
  116  17:21  Marine x2, Terran Vehicle Weapons Level 2  
  121  17:25  Marine  
  122  17:31  Barracks Tech Lab  
  122  17:34  Liberator x2  
  128  17:41  Siege Tank  
  131  17:48  Factory  
  131  17:56  Marine  
  131  17:57  Marine x7  
  134  18:13  Siege Tank  
  134  18:14  Marine x3  
  136  18:42  Marine  
  136  18:43  Marine  
  136  18:44  Marine  
  136  18:45  Siege Tank  
  136  18:47  Widow Mine  
  136  18:48  Widow Mine x2  
  142  18:55  Marine  
  142  18:56  Marine x6  
  142  19:00  Marine  
  147  19:13  Marine x3  
  147  19:14  Marine x4  
  152  19:17  Siege Tank  
  152  19:22  Factory Tech Lab  
  152  19:24  Widow Mine  
  157  19:41  Supply Depot  
  157  19:42  Supply Depot  
  157  20:02  SCV  
  157  20:03  Siege Tank  
  157  20:05  Orbital Command, Siege Tank  
  159  20:30  Widow Mine x2  
  159  20:35  Siege Tank  
  154  20:37  Siege Tank  
  142  20:49  Marine  
  91  20:50  Marine x9  
  91  20:52  Widow Mine  
  90  21:07  Marine x4, Siege Tank  
  90  21:08  Marine x6  
  103  21:19  Missile Turret  
  103  21:22  Missile Turret  
  103  21:23  Missile Turret  
  103  21:25  Marine x5  
  100  21:29  Marine x3  
  87  21:43  Marine x4  
  87  21:47  Marine x2  
  88  21:51  Missile Turret  
  88  21:52  Marine  
  86  22:01  Marine x3  
  82  22:08  Barracks  
  77  22:10  Marine  
  77  22:11  Factory  
  77  22:12  Marine  
  77  22:15  Marine  
  77  22:22  Marine  
  75  22:23  Missile Turret  
  68  22:48  Missile Turret x2  
Show
View Real Time Build Order
Export as new Build Order

PiPuxD Protoss 

Build Orders: 1 Gate Expand, Oracle Opening 

Get SALT Encoding   

  12  0:00  Probe  
  13  0:13  Probe  
  14  0:24  Pylon  
  14  0:25  Probe  
  15  0:36  Assimilator  
  15  0:42  Probe (Chrono Boost)  
  16  0:46  Gateway  
  16  0:54  Probe (Chrono Boost)  
  17  1:00  Probe (Chrono Boost)  
  18  1:08  Probe  
  19  1:20  Probe  
  20  1:32  Nexus  
  20  1:37  Probe  
  21  1:44  Pylon  
  21  1:49  Probe  
  22  1:57  Cybernetics Core  
  22  2:01  Probe  
  23  2:04  Assimilator  
  23  2:13  Probe  
  24  2:26  Probe  
  25  2:33  Stalker  
  25  2:34  Warp Gate  
  25  2:35  Stargate  
  27  2:39  Probe  
  28  2:50  Pylon  
  28  2:53  Probe x2 (Chrono Boost)  
  30  3:05  Probe x2 (Chrono Boost)  
  32  3:08  Sentry  
  34  3:14  Probe x2 (Chrono Boost)  
  34  3:17  Oracle (Chrono Boost)  
  36  3:21  Probe x2  
  36  3:25  Pylon  
  41  3:31  Adept  
  41  3:33  Probe x2  
  45  3:40  Assimilator  
  45  3:45  Probe x2  
  47  3:52  Oracle (Chrono Boost)  
  47  3:55  Pylon  
  50  3:57  Probe x2  
  52  4:05  Assimilator  
  52  4:09  Probe x2  
  54  4:14  Twilight Council  
  54  4:20  Pylon  
  54  4:21  Probe x2  
  56  4:33  Probe x2  
  56  4:34  Oracle  
  61  4:40  Gateway  
  61  4:41  Gateway  
  61  4:43  Pylon  
  62  4:45  Probe x2  
  63  5:03  Blink (Chrono Boost)  
  60  5:09  Probe x2  
  60  5:12  Stalker  
  64  5:21  Probe x2  
  66  5:33  Nexus  
  66  5:34  Forge x2, Pylon  
  66  5:37  Pylon, Probe x2  
  66  5:40  Stalker x2  
  66  5:41  Stalker  
  74  5:51  Probe x2  
  76  5:59  Gateway  
  76  6:01  Gateway  
  76  6:05  Shield Battery  
  76  6:08  Stalker x2  
  76  6:09  Stalker  
  82  6:26  Pylon, Protoss Ground Weapons Level 1 (Chrono Boost), Protoss Ground Armor Level 1 (Chrono Boost)  
  82  6:30  Probe x2  
  84  6:43  Stalker  
  84  6:44  Stalker  
  84  6:45  Stalker  
  84  6:46  Probe x2  
  84  6:47  Probe  
  93  6:50  Assimilator  
  93  6:53  Assimilator  
  93  6:55  Stalker x2  
  97  7:02  Photon Cannon  
  97  7:04  Photon Cannon  
  97  7:28  Stalker x5  
  107  7:43  Probe x3  
  110  7:51  Stalker  
  110  7:52  Stalker x4  
  110  7:55  Probe x2  
  122  8:03  Pylon  
  104  8:40  Stalker x5  
  107  9:04  Probe x2  
  107  9:05  Probe  
  110  9:10  Stalker x5  
  110  9:11  Protoss Ground Weapons Level 2 (Chrono Boost), Protoss Ground Armor Level 2 (Chrono Boost)  
  110  9:15  Charge (Chrono Boost)  
  120  9:17  Nexus  
  120  9:19  Pylon  
  120  9:21  Pylon  
  120  9:22  Templar Archives  
  120  9:32  Protoss Air Weapons Level 1  
  114  9:44  Stalker x5  
  120  9:53  Psionic Storm  
  119  10:10  Gateway  
  119  10:14  Gateway, Pylon  
  119  10:16  Pylon, Stalker  
  119  10:17  Stalker x4  
  129  10:41  Zealot x2  
  129  10:42  Zealot x3  
  139  11:15  Zealot x4  
  139  11:16  Zealot  
  149  11:27  High Templar  
  149  11:28  High Templar  
  123  11:50  Zealot x4  
  123  11:51  Zealot  
  131  12:08  Zealot x2  
  131  12:13  Zealot x3  
  131  12:14  Zealot x2  
  109  12:31  Zealot x2  
  109  12:34  High Templar x4  
  109  12:36  Zealot  
  121  12:54  Zealot  
  121  12:55  Zealot  
  121  12:57  Pylon  
  125  12:59  Zealot, Pylon  
  127  13:06  Zealot  
  127  13:07  Zealot x3  
  117  13:23  Archon  
  97  13:30  Zealot  
  97  13:31  Zealot x5  
  101  13:42  Gateway  
  101  13:43  Gateway  
  101  13:46  Gateway  
  101  13:48  Nexus  
  101  13:51  High Templar x3  
  101  13:52  High Templar  
  101  13:53  Zealot x2  
  113  14:11  Gateway  
  113  14:12  Shield Battery  
  113  14:14  Photon Cannon  
  113  14:16  Gateway  
  113  14:17  Gateway  
  113  14:19  Pylon  
  113  14:23  Zealot x2  
  117  14:24  Zealot  
  117  14:25  Zealot x2  
  78  14:55  Zealot x6  
  62  15:17  Zealot x5  
  62  15:18  Zealot x4  
  63  15:26  Protoss Ground Weapons Level 3 (Chrono Boost)  
  63  15:27  Protoss Ground Armor Level 3 (Chrono Boost)  
  45  15:42  Zealot x2  
  47  15:43  Zealot  
  47  15:44  High Templar x3  
  47  15:46  High Templar  
  59  16:08  Zealot  
  59  16:09  Zealot x2  
  64  16:20  Gateway  
  64  16:22  Zealot x2  
  58  16:43  Zealot x4  
  58  16:44  Zealot  
  62  17:07  Nexus  
  62  17:09  Zealot, Pylon  
  62  17:10  Zealot x4  
  72  17:28  Gateway  
  72  17:29  Gateway  
  72  17:31  Gateway  
  72  17:32  Pylon  
  72  17:38  Pylon  
  72  17:41  High Templar x2  
  72  17:42  High Templar  
  72  17:43  High Templar x3  
  84  17:47  Archon x3  
  51  18:17  Zealot x4  
  51  18:18  Zealot x2  
  63  18:57  High Templar x2  
  63  18:58  High Templar x2  
  63  18:59  High Templar x2  
  63  19:02  Nexus  
  75  19:03  Pylon  
  75  19:06  Pylon  
  75  19:33  High Templar x5  
  75  19:34  High Templar  
  75  19:37  Archon x3  
  87  20:06  High Templar x4  
  87  20:07  High Templar  
  97  20:08  High Templar  
  97  20:10  Archon x2  
  97  20:12  Archon  
  98  20:44  High Templar x2  
  98  20:45  High Templar x4  
  98  20:48  Archon  
  98  20:49  Archon x2  
  66  21:54  Archon x2  
Show
View Real Time Build Order
Export as new Build Order

MattBarry Zerg 

Build Orders: Pool First, Brood Lord Corruptor 

Get SALT Encoding   

  12  0:02  Drone  
  13  0:12  Overlord  
  13  0:20  Drone  
  14  0:31  Drone x2  
  16  0:47  Spawning Pool  
  15  0:51  Extractor  
  15  0:53  Drone x2  
  16  0:59  Drone  
  17  1:35  Hatchery  
  17  1:36  Drone  
  17  1:40  Drone  
  18  1:49  Zergling x4, Queen  
  22  2:06  Overlord  
  22  2:16  Metabolic Boost  
  22  2:21  Baneling Nest  
  21  2:34  Zergling x2, Drone x2  
  24  2:38  Queen  
  26  2:47  Extractor  
  26  2:51  Queen  
  27  3:03  Roach Warren  
  26  3:05  Drone  
  26  3:06  Drone x2  
  29  3:16  Drone x2  
  29  3:18  Drone  
  32  3:38  Drone x3  
  32  3:39  Drone  
  32  3:41  Overlord  
  34  3:57  Lair  
  34  3:59  Overlord x2  
  34  4:03  Drone  
  34  4:05  Overlord  
  35  4:24  Queen  
  35  4:26  Drone x2  
  35  4:27  Drone x4  
  43  4:32  Extractor  
  43  4:34  Extractor  
  41  4:57  Spire  
  39  5:30  Overseer  
  39  5:44  Drone x3  
  39  5:45  Drone  
  39  5:49  Drone  
  46  5:50  Drone x7  
  46  5:52  Overlord  
  46  5:56  Queen  
  53  6:14  Mutalisk x5  
  63  6:26  Zergling x4  
  63  6:28  Mutalisk  
  63  6:30  Overlord x2  
  67  6:34  Queen, Evolution Chamber  
  67  6:36  Spore Crawler  
  67  6:37  Spore Crawler, Mutalisk  
  68  6:59  Mutalisk x6  
  80  7:22  Drone x2  
  82  7:23  Mutalisk  
  82  7:24  Overlord  
  82  7:25  Overlord x2  
  82  7:27  Zerg Flyer Weapons Level 1  
  80  8:10  Mutalisk x2  
  80  8:11  Mutalisk x3  
  90  8:16  Overlord x3  
  90  8:23  Mutalisk  
  90  8:24  Mutalisk  
  90  8:25  Drone x2  
  94  8:48  Mutalisk x2  
  94  8:59  Mutalisk x2  
  94  9:02  Drone x3  
  79  9:33  Infestation Pit  
  76  9:52  Overlord x3  
  76  9:53  Overlord x2  
  76  9:59  Hatchery  
  73  10:11  Hive  
  72  10:35  Mutalisk x5  
  72  10:36  Mutalisk x3  
  88  10:45  Mutalisk  
  88  10:46  Hatchery, Overlord  
  89  10:53  Zergling x2  
  89  10:54  Zergling x28  
  104  11:01  Hatchery  
  70  12:10  Corruptor  
  70  12:11  Corruptor x8  
  88  12:20  Queen  
  90  12:32  Drone x3  
  93  12:45  Greater Spire  
  93  12:56  Extractor  
  93  12:57  Extractor  
  91  13:09  Drone x2  
  91  13:10  Overlord  
  93  13:13  Drone x2  
  89  13:47  Drone  
  90  13:48  Drone x5  
  95  14:02  Brood Lord x3  
  101  14:03  Brood Lord x4  
  109  14:13  Overlord x2  
  109  14:36  Corruptor x5  
  105  14:51  Corruptor x3  
  109  15:08  Corruptor x2  
  102  15:56  Brood Lord x4  
  102  15:57  Brood Lord  
  108  17:40  Zerg Flyer Armor Level 1  
  107  17:51  Corruptor x4, Brood Lord x4  
  115  17:53  Corruptor x4  
  115  17:56  Overlord x5  
  131  18:10  Overlord  
  127  18:42  Brood Lord x3  
  105  20:14  Corruptor x4, Hatchery  
  105  20:15  Corruptor x2  
  105  20:16  Extractor  
  105  20:17  Zergling x4, Extractor x2  
  105  20:18  Zergling x8  
  105  20:20  Extractor  
  59  21:20  Corruptor x3  
  41  21:46  Overseer  
  30  21:56  Corruptor x2  
  30  21:58  Corruptor  
  34  22:02  Drone  
  34  22:03  Drone x4  
Tags
 
Add a new tag
Caveats
  • Supply blocks, unpowered buildings, or Contaminate may cause inaccurate times.
  • Supply counts are checked every 10 seconds.